 Dungeon Crawl Stone Soup version 0.22-a0-447-gee5f723 (webtiles) character file.

115 incide the Charmwright (level 5, -7/43 HPs)
             Began as a Gnoll Skald on June 3, 2018.
             Was an Initiate of Sif Muna.
             Mangled by a gnoll
             ... wielding a +0 spear
              (10 damage)
             ... on level 3 of the Dungeon.
             The game lasted 00:03:43 (1668 turns).

incide the Charmwright (Gnoll Skald)                Turns: 1668, Time: 00:03:44

Health: -7/43      AC: 10    Str: 13    XL:     5   Next: 0%
Magic:  2/12       EV: 14    Int: 17    God:    Sif Muna [......]
Gold:   166        SH:  0    Dex: 14    Spells: 3/14 levels left

rFire    . . .     SeeInvis .   p - +2 mace (protect)
rCold    . . .     Gourm    .   (no shield)
rNeg     . . .     Faith    .   b - +0 leather armour
rPois    .         Spirit   .   (no helmet)
rElec    .         Reflect  .   (no cloak)
rCorr    .         Harm     .   (no gloves)
MR       .....                  (no boots)
Stlth    ++........             (no amulet)
HPRegen  0.14/turn              (no ring)
MPRegen  0.13/turn              (no ring)

@: singing, protection aura
A: distributed training, fangs 1, strong nose
a: Renounce Religion


You were on level 3 of the Dungeon.
You worshipped Sif Muna.
Sif Muna was noncommittal.
You were not hungry.

You visited 1 branch of the dungeon, and saw 3 of its levels.

You collected 166 gold pieces.

Inventory:

Hand Weapons
 a - a +0 hand axe
 e - a +0 whip of electrocution
 p - a +2 mace of protection (weapon)
Armour
 b - a +0 leather armour (worn)
Wands
 q - a wand of disintegration (12)
Scrolls
 f - 2 scrolls of remove curse {unknown}
 i - a scroll of fog {unknown}
 k - 5 scrolls of identify {unknown}
 l - a scroll of enchant weapon {unknown}
 o - a scroll of magic mapping {unknown}
Potions
 c - 2 potions of heal wounds {unknown}
 g - 2 potions of agility {unknown}
 h - 2 potions of curing {unknown}
 j - a potion of mutation {unknown}
 m - a potion of brilliance {unknown}
 n - a potion of flight {unknown}
 s - a potion of lignification {unknown}
Comestibles
 d - 4 rations
 r - 4 chunks of flesh {@w1}


   Skills:
 + Level 4.7 Fighting
 + Level 1.2 Short Blades
 + Level 1.2 Long Blades
 + Level 4.7 Axes
 + Level 1.2 Maces & Flails
 + Level 1.2 Polearms
 + Level 1.2 Staves
 + Level 1.2 Slings
 + Level 1.2 Bows
 + Level 1.2 Crossbows
 + Level 1.2 Throwing
 + Level 2.8 Armour
 + Level 4.7 Dodging
 + Level 1.2 Stealth
 + Level 1.2 Shields
 + Level 1.2 Unarmed Combat
 + Level 5.1 Spellcasting
 + Level 1.0 Conjurations
 + Level 1.0 Hexes
 + Level 5.5 Charms
 + Level 1.0 Summonings
 + Level 1.0 Necromancy
 + Level 1.0 Translocations
 + Level 1.0 Transmutations
 + Level 1.0 Fire Magic
 + Level 1.0 Ice Magic
 + Level 1.0 Air Magic
 + Level 1.0 Earth Magic
 + Level 1.0 Poison Magic
 + Level 1.4 Invocations
 + Level 1.2 Evocations


You had 3 spell levels left.
You knew the following spells:

 Your Spells              Type           Power        Failure   Level  Hunger
a - Infusion              Chrm           ###.         1%          1    None
b - Song of Slaying       Chrm           ###.....     2%          2    #......
c - Shroud of Golubria    Chrm/Tloc      ###.......   7%          2    #......
d - Regeneration          Chrm/Necr      ###.......   14%         3    ###....
e - Spectral Weapon       Hex/Chrm       ###.....     14%         3    ###....

Your spell library contained the following spells:

 Spells                   Type           Power        Failure   Level  Hunger


Dungeon Overview and Level Annotations

Branches:
Dungeon (3/15)

Altars:
Okawaru
Qazlal
Sif Muna


Innate Abilities, Weirdness & Mutations

Your experience applies equally to all skills.
You have very sharp teeth.
Your uncanny sense of smell can sniff out nearby items.


Message History

You closely miss the gnoll. You bite the gnoll.
The gnoll is lightly wounded.
The gnoll misses you. The phantom misses you.
You barely miss the gnoll. Your bite misses the gnoll.
The gnoll is lightly wounded.
Your skin stops crawling.
The gnoll closely misses you. The phantom hits you.
* * * LOW HITPOINT WARNING * * *
The phantom blinks!
The gnoll hits you with a spear!
* * * LOW HITPOINT WARNING * * *
Okay, then.
You hit the gnoll.
Your weapon exudes an aura of protection.
You bite the gnoll.
The gnoll is moderately wounded.
The gnoll misses you.
You hit the gnoll. You bite the gnoll.
The gnoll is severely wounded.
The gnoll hits you with a spear!
You die...

#............######
#...####....### ..
..............# ..
........##....#
###.##. ....... #....#
....... .. ... #....#
....(.. . ... #....#
....>..
....####.W..###.......
......)@)...<.........
......g...............
...#..##.#.###........
. .... #.#.# #........
###. #.#.. .........
## #....##########
...#.# ...


You could see a phantom and a gnoll.

Vanquished Creatures
  3 gnolls (D:3)
  An adder (D:3)
  2 worms (D:2)
  4 dart slugs
  2 leopard geckos
  4 orcs (D:3)
  2 giant cockroaches (D:2)
  4 goblins
  8 hobgoblins
  7 jackals
  4 kobolds
  A quokka (D:3)
  5 bats
  7 rats
54 creatures vanquished.

Vanquished Creatures (others)
  A spectral weapon (D:3)
1 creature vanquished.

Grand Total: 55 creatures vanquished

Notes
Turn   | Place    | Note
-------+----------+-------------------------------------------
     0 | D:1      | incide the Gnoll Skald began the quest for the Orb.
     0 | D:1      | Reached XP level 1. HP: 20/20 MP: 6/6
   160 | D:1      | Reached XP level 2. HP: 20/26 MP: 7/7
   194 | D:1      | Learned a level 2 spell: Song of Slaying
   197 | D:1      | Learned a level 2 spell: Shroud of Golubria
   658 | D:1      | Reached XP level 3. HP: 29/31 MP: 9/9
   666 | D:1      | Reached skill level 5 in Spellcasting
  1096 | D:2      | Reached skill level 1 in Invocations
  1168 | D:2      | Found a stormy altar of Qazlal.
  1168 | D:2      | Found an iron altar of Okawaru.
  1168 | D:2      | Found a deep blue altar of Sif Muna.
  1181 | D:2      | Became a worshipper of Sif Muna the Loreminder
  1300 | D:2      | Reached skill level 1 in Short Blades
  1300 | D:2      | Reached skill level 1 in Long Blades
  1300 | D:2      | Reached skill level 1 in Maces & Flails
  1300 | D:2      | Reached skill level 1 in Polearms
  1300 | D:2      | Reached skill level 1 in Staves
  1300 | D:2      | Reached skill level 1 in Slings
  1300 | D:2      | Reached skill level 1 in Bows
  1300 | D:2      | Reached skill level 1 in Crossbows
  1300 | D:2      | Reached skill level 1 in Throwing
  1300 | D:2      | Reached skill level 1 in Stealth
  1300 | D:2      | Reached skill level 1 in Shields
  1300 | D:2      | Reached skill level 1 in Unarmed Combat
  1300 | D:2      | Reached skill level 1 in Evocations
  1305 | D:2      | Reached XP level 4. HP: 15/38 MP: 0/11
  1320 | D:2      | Learned a level 3 spell: Regeneration
  1324 | D:2      | Learned a level 3 spell: Spectral Weapon
  1512 | D:3      | HP: 6/38 [disintegration (19)]
  1518 | D:3      | HP: 4/38 [orc (4)]
  1653 | D:3      | Noticed a phantom
  1654 | D:3      | Reached skill level 1 in Conjurations
  1654 | D:3      | Reached skill level 1 in Hexes
  1654 | D:3      | Reached skill level 1 in Summonings
  1654 | D:3      | Reached skill level 1 in Necromancy
  1654 | D:3      | Reached skill level 1 in Translocations
  1654 | D:3      | Reached skill level 1 in Transmutations
  1654 | D:3      | Reached skill level 1 in Fire Magic
  1654 | D:3      | Reached skill level 1 in Ice Magic
  1654 | D:3      | Reached skill level 1 in Air Magic
  1654 | D:3      | Reached skill level 1 in Earth Magic
  1654 | D:3      | Reached skill level 1 in Poison Magic
  1663 | D:3      | Reached XP level 5. HP: 9/43 MP: 1/12
  1666 | D:3      | HP: 3/43 [gnoll/spear (8)]
  1668 | D:3      | Mangled by a gnoll

Vault maps used:
D:1:      dpeg_arrival_lava_temple_mockup
D:2:      gammafunk_temple_overflow_claw, minmay_door_square
D:3:      dancing_weapons_uskayaw, lemuel_doored_altar, trog_butcher_becter

Skill      XL: |  1  2  3  4 |
---------------+-------------+-----
Spellcasting   | 5 |  5.1
Invocations    | 1 |  1.4
Short Blades   | 1 |  1.2
Long Blades    | 1 |  1.2
Maces & Flails | 1 |  1.2
Polearms       | 1 |  1.2
Staves         | 1 |  1.2
Slings         | 1 |  1.2
Bows           | 1 |  1.2
Crossbows      | 1 |  1.2
Throwing       | 1 |  1.2
Stealth        | 1 |  1.2
Shields        | 1 |  1.2
Unarmed Combat | 1 |  1.2
Evocations     | 1 |  1.2
Conjurations   | 1 |  1.0
Hexes          | 1 |  1.0
Summonings     | 1 |  1.0
Necromancy     | 1 |  1.0
Translocations | 1 |  1.0
Transmutations | 1 |  1.0
Fire Magic     | 1 |  1.0
Ice Magic      | 1 |  1.0
Air Magic      | 1 |  1.0
Earth Magic    | 1 |  1.0
Poison Magic   | 1 |  1.0
Fighting       | |  4.7
Axes           | |  4.7
Armour         | |  2.8
Dodging        | |  4.7
Charms         | |  5.5

Action                   |  1- 3 |  4- 6 || total
-------------------------+-------+-------++-------
Melee: Whip              |   120 |    14 ||   134
       Bite              |    11 |     7 ||    18
       Hand axe          |     5 |       ||     5
       Mace              |       |    35 ||    35
 Cast: Song of Slaying   |     2 |     2 ||     4
       Shroud of Golubri |     2 |     1 ||     3
       Infusion          |     1 |     1 ||     2
       Regeneration      |       |     6 ||     6
       Spectral Weapon   |       |     1 ||     1
  Eat: Chunk             |     1 |     2 ||     3
Armor: Leather armour    |    30 |    25 ||    55
Dodge: Dodged            |   114 |    56 ||   170

Table legend:
 A = Spawn XP
 B = Non-spawn XP
 C = Spawn XP percentage of total XP
 D = Spawn monster count
 E = Non-spawn monster count
 F = Spawn count percentage of total count
 G = Total turns spent on level
                    A         B        C        D         E        F      G
               +---------+---------+-------+---------+---------+-------+---------
         Total |       0 |     165 |   0.0 |       0 |      54 |   0.0 |  1668
               +---------+---------+-------+---------+---------+-------+---------
           D:1 |       0 |      42 |   0.0 |       0 |      22 |   0.0 |   953
           D:2 |       0 |      44 |   0.0 |       0 |      20 |   0.0 |   516
           D:3 |       0 |      79 |   0.0 |       0 |      12 |   0.0 |   199
               +---------+---------+-------+---------+---------+-------+---------
